 Dungeon Crawl Stone Soup version 0.29-a0-495-g17b79114eb (webtiles) character file.

Game seed: 15517068725680896549

1564 happo123 the Sneak (level 9, -2/51 HPs)
             Began as a Kobold Enchanter on May 27, 2022.
             Slain by an orc high priest
             ... wielding a +0 war axe
              (12 damage)
             ... in a bailey.
             The game lasted 00:34:02 (6162 turns).

happo123 the Sneak (Kobold Enchanter)               Turns: 6162, Time: 00:34:03

Health: -2/51      AC:  2    Str:  6    XL:     9   Next: 13%
Magic:  15/15      EV: 20    Int: 20    God:
Gold:   117        SH:  0    Dex: 15    Spells: 8/16 levels left

rFire   . . .      SeeInvis .   r - +2 dagger (venom)
rCold   . . .      Faith    .   (no shield)
rNeg    . . .      Spirit   .   b - +0 robe
rPois   .          Reflect  .   (no helmet)
rElec   .          Harm     .   m - scarf {+Inv}
rCorr   .          Rampage  .   (no gloves)
Will    +....                   (no boots)
Stlth   ++........              (no amulet)
HPRegen 0.17/turn               f - +4 ring of evasion
MPRegen 0.14/turn               i - ring of willpower

@: confused, lethally poisoned (-2 -> -3), ambrosia-drunk, weakened
A: small, no large weapons, nightstalker 3
a: Evoke Invisibility


You were in a bailey.
You visited 1 branch of the dungeon, and saw 5 of its levels.
You also visited: Bailey.

You collected 240 gold pieces.
You spent 123 gold pieces at shops.

Inventory:

Hand Weapons
 a - a +1 dagger
 l - the +7 staff of the Meek {protect, meekguard}
   (You found it on level 2 of the Dungeon)

   It grants its wielder temporary protection when it strikes (+7 to AC).
   It provides extra protection to wielders with little health.
 r - a +2 dagger of venom (weapon)
 D - a +0 shortbow of freezing
Missiles
 h - a throwing net
Armour
 b - a +0 robe (worn)
 m - a scarf of invisibility (worn)
Magical Staves
 y - a staff of conjuration
Jewellery
 f - a +4 ring of evasion (left hand)
 g - a ring of ice
 i - a ring of willpower (right hand)
Scrolls
 n - a scroll of acquirement {unknown}
 q - a scroll of amnesia {unknown}
 s - 3 scrolls of fog {unknown}
 t - 2 scrolls of blinking
 w - a scroll of enchant weapon {unknown}
 x - 3 scrolls of teleportation {unknown}
 z - 2 scrolls of identify
Potions
 c - 2 potions of invisibility
 d - a potion of resistance {unknown}
 e - a potion of curing {unknown}
 j - a potion of magic {unknown}
 k - a potion of experience {unknown}
 o - a potion of ambrosia
 p - a potion of might {unknown}
 u - a potion of degeneration {unknown}
 v - a potion of berserk rage {unknown}
 A - a potion of mutation {unknown}
 B - a potion of heal wounds {unknown}
 C - a potion of lignification {unknown}


   Skills:
 + Level 3.5 Fighting
 + Level 4.8 Short Blades
 + Level 5.0 Dodging
 + Level 6.6 Stealth
 + Level 4.3 Spellcasting
 * Level 6.0 Hexes
 * Level 5.4 Evocations


You had 8 spell levels left.
You knew the following spells:

 Your Spells              Type           Power      Damage    Failure   Level
a - Ensorcelled Hibernat  Hex/Ice        32%        N/A       5%          2
b - Tukima's Dance        Hex            28%        N/A       3%          3
c - Confusing Touch       Hex            28%        N/A       3%          3

Your spell library contained the following spells:

 Spells                   Type           Power      Damage    Failure   Level
 Dazzling Flash           Conj/Hex       32%        N/A       11%         3
 Apportation              Tloc           8%         N/A       13%         1
 Necrotize                Necr           16%        1d4       13%         1
 Summon Small Mammal      Summ           16%        N/A       13%         1
 Ignite Poison            Fire/Tmut/Pois 4%         N/A       36%         3
 Mephitic Cloud           Conj/Pois/Air  4%         N/A       36%         3
 Hailstorm                Conj/Ice       4%         3d4       77%         4
 Ice Form                 Ice/Tmut       4%         N/A       77%         4
 Freezing Cloud           Conj/Ice/Air   2%         6-21      98%         5
 Simulacrum               Ice/Necr       2%         N/A       100%        6


Dungeon Overview and Level Annotations

Branches:
Dungeon (7/15)             Bailey (1/1)
 Temple: D:4-7

Altars:

Shops:
D:4 ?


Innate Abilities, Weirdness & Mutations

You are small and have problems with some larger weapons.
You are completely attuned to the shadows.


Message History

Confirm with . or Enter, or press ? or * to list all spells.
Your hands begin to glow red.
The orange demon stings you but does no damage.
The orange demon stings you.
You are poisoned.
The orange demon poisons you! The orange demon misses you.
You hit the orange demon but do no damage.
You feel very sick.
You hit the orange demon but do no damage.
You feel very sick. The orange demon barely misses you.
The orange demon hits you.
You hit the orange demon but do no damage.
You feel sick. The orange demon misses you. The orange demon hits you.
* * * LOW HITPOINT WARNING * * *
You feel your attacks grow feeble.
You hit the orange demon but do no damage.
* * * LOW HITPOINT WARNING * * *
You feel sick. The orange demon closely misses you.
The orange demon barely misses you.
You hit the orange demon but do no damage.
* * * LOW HITPOINT WARNING * * *
You feel sick.
You hit the orange demon but do no damage.
The orange demon appears confused.
* * * LOW HITPOINT WARNING * * *
You feel sick.
You feel sick.
There is an open gate here.
You feel sick.
The orc high priest shouts!
You hit the orange demon but do no damage.
The orange demon is poisoned.
You feel sick.
The orange demon disappears in a puff of smoke!
You feel sick.
It was a potion of ambrosia.
You are confused.
You feel invigorated.
You feel sick.
You feel sick.
The orc high priest hits you with a +0 war axe!
You die...

≈≈≈≈≈# ###≈≈≈≈≈#
#.≈≈≈≈≈≈# ....
#.≈≈≈≈≈.###### ....
####++#.≈≈≈≈≈......#
####....
#.....#.≈≈≈≈≈......###
8..#o...
#.....'........))....#
...'._..
#..⌠..'..........∩..∩#
8..#K..o
#.....o@.............#
####....
#.....#.≈≈≈≈≈......###
....#####''#.≈≈≈≈≈......#
....#......#.≈≈≈≈≈.######
#......#.≈≈≈≈≈≈#
#########...######≈≈≈≈≈#
....).8.8)8.#....#≈≈≈≈≈#
...)#..))...#....#≈≈≈≈≈#
#############).#'#≈≈≈≈


You could see an orc high priest.

Vanquished Creatures
  Duvessa (D:4)
  7 orc warriors (Bailey)
  A sky beast (D:7)
  An ogre (D:4)
  2 centaurs (D:7)
  A bullfrog (D:3)
  Dowan (D:4)
  2 electric eels (Bailey)
  A hound (D:4)
  2 orc wizards
  5 gnolls
  3 adders
  4 dart slugs
  18 orcs
  4 bats
  9 endoplasms
  3 giant cockroaches
  19 goblins
  5 hobgoblins
  2 jackals (D:4)
  6 kobolds
  5 quokkas
  5 ball pythons
  4 frilled lizards
  5 rats
116 creatures vanquished.

Vanquished Creatures (others)
  A plant (D:2)
1 creature vanquished.

Grand Total: 117 creatures vanquished

Notes
Turn   | Place    | Note
-------+----------+-------------------------------------------
     0 | D:1      | happo123 the Kobold Enchanter began the quest for the Orb.
     0 | D:1      | Reached XP level 1. HP: 10/10 MP: 3/3
   276 | D:1      | Reached XP level 2. HP: 9/15 MP: 5/5
   727 | D:1      | Learned a level 2 spell: Ensorcelled Hibernation
   913 | D:1      | Reached XP level 3. HP: 19/19 MP: 6/6
   918 | D:1      | Learned a level 3 spell: Tukima's Dance
  1502 | D:2      | Found the +7 staff of the Meek {protect, meekguard}
  1720 | D:2      | Reached XP level 4. HP: 10/24 MP: 2/7
  1960 | D:2      | Found a faded altar of an unknown god.
  2485 | D:2      | Learned a level 3 spell: Confusing Touch
  2528 | D:3      | Noticed a bullfrog
  2547 | D:3      | Reached skill level 1 in Evocations
  2626 | D:3      | Reached skill level 1 in Fighting
  2626 | D:3      | Reached XP level 5. HP: 28/29 MP: 9/9
  4290 | D:3      | Killed a bullfrog
  4291 | D:3      | Reached skill level 5 in Stealth
  4291 | D:3      | Reached XP level 6. HP: 26/34 MP: 3/10
  4543 | D:4      | Noticed an ogre
  4547 | D:4      | Killed an ogre
  4583 | D:4      | Found Rylarar's Magic Scroll Emporium.
  4588 | D:4      | Bought a scroll of blinking for 97 gold pieces
  4588 | D:4      | Bought a scroll of identify for 26 gold pieces
  4747 | D:4      | Reached XP level 7. HP: 22/39 MP: 0/11
  4983 | D:4      | Noticed Duvessa
  4985 | D:4      | Noticed Dowan
  4987 | D:4      | Killed Duvessa
  4990 | D:4      | Killed Dowan
  5086 | D:4      | You fall into a shaft and drop 3 floors!
  5152 | D:7      | Reached XP level 8. HP: 40/45 MP: 13/13
  5185 | D:7      | Reached skill level 5 in Hexes
  5218 | D:7      | Found a flagged portal.
  5240 | Bailey   | Entered a bailey
  5823 | Bailey   | Reached skill level 5 in Evocations
  5826 | Bailey   | Reached XP level 9. HP: 51/51 MP: 8/15
  5846 | Bailey   | Reached skill level 5 in Dodging
  6098 | Bailey   | Found an iron altar of Okawaru.
  6099 | Bailey   | Noticed an orc knight
  6100 | Bailey   | Noticed a kobold demonologist
  6100 | Bailey   | Noticed an orc high priest
  6122 | Bailey   | Noticed an ice devil
  6127 | Bailey   | Noticed an orange demon
  6162 | Bailey   | Slain by an orc high priest

Illustrated notes

Levels and vault maps discovered:
D:1:      dpeg_arrival_tiny_c, layout_basic
D:2:      layout_rooms, shapermc_ecumenical_altar_mp_ritualfount
D:3:      layout_basic
D:4:      layout_cave_pods, serial_shops, nicolae_shop_crystal, uniq_duvessa
D:7:      lemuel_ice_spiral_2, layout_basic, enter_bailey_5, serial_glass,
          glass_columns_b, glass_columns_a
Bailey:   bailey_axe_of_yendor_kennysheep, bailey

Skill      XL: |  1  2  3  4  5  6  7  8  9 |
---------------+----------------------------+-----
Short Blades   | 2 3 4 |  4.8
Dodging        | 3 4 5 |  5.0
Evocations     | 1 2 3 5 |  5.4
Fighting       | 1 2 3 |  3.5
Hexes          | 4 5 6 |  6.0
Stealth        | 5 6 |  6.6
Spellcasting   | 3 4 |  4.3

Action                   |  1- 3 |  4- 6 |  7- 9 || total
-------------------------+-------+-------+-------++-------
Melee: Dagger            |    67 |    89 |    74 ||   230
       Quarterstaff      |     1 |     8 |       ||     9
 Cast: Ensorcelled Hiber |     9 |    46 |    28 ||    83
       Confusing Touch   |       |       |     1 ||     1
  Use: Potion            |       |       |     1 ||     1
 Stab: Sleeping          |    21 |    34 |    25 ||    80
       Distracted        |       |       |     1 ||     1
Armor: Robe              |     7 |     9 |     7 ||    23
Dodge: Dodged            |    47 |    66 |    49 ||   162

Table legend: (Time is in decaauts)
 A = Elapsed time spent in this place.
 B = Non-inter-level travel time spent in this place.
 C = Inter-level travel time spent in this place.
 D = Time resting spent in this place.
 E = Time spent auto-exploring this place.
 F = Levels seen in this place.
 G = Mean time per level.
                   A        B        C        D        E       F      G
               +--------+--------+--------+--------+--------+-----+--------+
         Total |   6140 |   6039 |    101 |    650 |   4172 |   6 | 1023.3 |
       Dungeon |   5216 |   5115 |    101 |     55 |   4172 |   5 | 1043.2 |
        Bailey |    923 |    923 |      0 |    595 |      0 |   1 |  923.0 |
               +--------+--------+--------+--------+--------+-----+--------+

Top non-repeatable levels by time:
     D:3: 1921 daAuts
     D:1: 1449 daAuts
     D:2: 1028 daAuts
  Bailey: 923 daAuts
     D:4: 666 daAuts
     D:7: 151 daAuts
